 Dungeon Crawl Stone Soup version 0.24-a0-309-g1095bcad4c (webtiles) character file.

Game seed: 13122193489170100530

333 Esekla the Magician (level 6, 0/37 HPs)
             Began as an Octopode Wizard on May 14, 2019.
             Slain by Purgy (1 damage)
             ... in a sewer.
             The game lasted 00:43:55 (3795 turns).

Esekla the Magician (Octopode Wizard)               Turns: 3795, Time: 00:43:56

Health: 0/37       AC:  2    Str:  7    XL:     6   Next: 52%
Magic:  15/20      EV: 13    Int: 21    God:
Gold:   155        SH:  3    Dex: 11    Spells: 3/12 levels left

rFire    . . .     SeeInvis .   q - +1 long sword
rCold    . . .     Gourm    .   (no shield)
rNeg     . . .     Faith    .   a - +1 hat
rPois    .         Spirit   .   j - +3 amulet of reflection
rElec    .         Reflect  +   b - ring of magical power
rCorr    .         Harm     .   (no ring)
MR       .....                  (no ring)
Stlth    +++.......             (no ring)
HPRegen  0.12/turn              (no ring)
MPRegen  0.17/turn              (no ring)
                                (no ring)
                                (no ring)

@: no status effects
A: almost no armour, stealthy swim, amphibious, 8 rings, constrict 8, camouflage
1, gelatinous body 1
a: no special abilities


You were in a sewer.
You were not hungry.

You visited 1 branch of the dungeon, and saw 4 of its levels.
You also visited: Sewer.

You collected 155 gold pieces.

Inventory:

Hand Weapons
 d - a +0 short sword
 p - a +1 halberd of freezing
 q - a +1 long sword (weapon)
Missiles
 c - 6 poisoned darts
 n - 6 silver boomerangs (quivered)
Armour
 a - a +1 hat (worn)
Jewellery
 b - a ring of magical power (left tentacle)
 j - a +3 amulet of reflection (around mantle)
Scrolls
 f - 3 scrolls of remove curse
 g - a scroll of enchant armour
 h - 2 scrolls of immolation
 m - 2 scrolls of enchant weapon
 o - 2 scrolls of teleportation
 r - 2 scrolls of blinking {unknown}
Potions
 e - 3 potions of brilliance
 i - 2 potions of agility {unknown}
 k - a potion of curing {unknown}
 l - a potion of ambrosia {unknown}
 t - a potion of haste {unknown}
 u - a potion of flight {unknown}
Comestibles
 s - 2 rations


   Skills:
 + Level 0.5 Fighting
 + Level 2.3(2.4) Short Blades
 + Level 0.1(1.3) Long Blades
 + Level 2.4 Dodging
 - Level 2.6 Stealth
 + Level 3.9 Spellcasting
 + Level 2.4 Conjurations
   Level 1.0 Summonings
 * Level 2.2 Translocations
 * Level 1.4 Fire Magic
 * Level 1.9 Air Magic
 * Level 1.7 Poison Magic


You had 3 spell levels left.
You knew the following spells:

 Your Spells              Type           Power        Failure   Level  Hunger
a - Magic Dart            Conj           ##..         4%          1    None
b - Blink                 Tloc           N/A          7%          2    #......
c - Mephitic Cloud        Conj/Pois/Air  ##......     16%         3    ###....
f - Conjure Flame         Conj/Fire      ##......     16%         3    ###....

Your spell library contained the following spells:

 Spells                   Type           Power        Failure   Level  Hunger
 Call Imp                 Summ           #.......     12%         2    #......
 Slow                     Hex            #.......     19%         2    #......


Dungeon Overview and Level Annotations

Branches:
Dungeon (4/15)
 Temple: D:4-7

Altars:
Makhleb
Wu Jian
The Shining One

Annotations:
Sewer Purgy


Innate Abilities, Weirdness & Mutations

You cannot wear most types of armour.
You are very stealthy in the water. (Stealth+)
You are amphibious.
You can wear up to eight rings at the same time.
You can use your tentacles to constrict eight enemies at once.
Your skin changes colour to match your surroundings (Stealth+).
Your rubbery body absorbs attacks. (AC +1, EV +1)


Message History

Purgy is engulfed in noxious fumes.
Purgy appears confused.
Purgy is engulfed in noxious fumes.
Purgy appears confused.
Purgy bites you but does no damage. You block Purgy's attack.
Purgy closely misses you.
You slash Purgy!
Purgy is severely wounded.
Purgy is engulfed in noxious fumes.
Purgy appears confused.
Purgy bites you!
* * * LOW HITPOINT WARNING * * *
Purgy claws you.
* * * LOW HITPOINT WARNING * * *
Purgy barely misses you.
You hit Purgy. Your squeeze misses Purgy.
Purgy is severely wounded.
You hit Purgy.
Purgy is severely wounded.
Purgy bites you!
* * * LOW HITPOINT WARNING * * *
Purgy claws you.
You die...

#########
#%%#.#((#
#?.#.#.)#
#...#
##...##
#≈≈.≈.#
#.≈≈≈.##
#...#≈T@#
#.≈###≈.##
#.≈. #...#
#≈≈# ##..#
#.. #..#
#.. #..#
#..# ##..#
#.≈. #.≈.#
#≈.###..##


You could see Purgy (confused).

Vanquished Creatures
  An ogre (D:4)
  A scorpion (D:2)
  A hound (D:4)
  A centaur skeleton (D:4)
  Jessica (D:2)
  4 gnolls
  An adder (D:3)
  An adder skeleton (D:4)
  3 dart slugs
  2 leopard geckos (D:2)
  An orc (D:3)
  3 ball pythons
  5 bats
  7 giant cockroaches
  8 goblins
  5 hobgoblins
  2 jackals (Sewer)
  2 quokkas
  2 frilled lizards (D:1)
  12 kobolds
  7 rats
70 creatures vanquished.

Notes
Turn   | Place    | Note
-------+----------+-------------------------------------------
     0 | D:1      | Esekla the Octopode Wizard began the quest for the Orb.
     0 | D:1      | Reached XP level 1. HP: 11/11 MP: 4/4
   263 | D:2      | Reached XP level 2. HP: 17/17 MP: 6/6
   644 | D:1      | Learned a level 2 spell: Blink
  1003 | D:2      | Noticed Jessica
  1085 | D:1      | Reached XP level 3. HP: 13/21 MP: 1/8
  1090 | D:1      | Learned a level 3 spell: Mephitic Cloud
  1094 | D:1      | Learned a level 3 spell: Conjure Flame
  1376 | D:2      | Reached skill level 1 in Air Magic
  1436 | D:2      | Reached skill level 1 in Short Blades
  1541 | D:1      | Reached XP level 4. HP: 16/27 MP: 2/9
  1938 | D:2      | Killed Jessica
  2085 | D:2      | Reached XP level 5. HP: 26/31 MP: 10/10
  2234 | D:3      | Reached skill level 1 in Fire Magic
  2234 | D:3      | Reached skill level 1 in Poison Magic
  2277 | D:3      | Found a glowing golden altar of the Shining One.
  2277 | D:3      | Found an ornate altar of the Wu Jian Council.
  2846 | D:3      | Found a burning altar of Makhleb.
  2952 | D:4      | Noticed an ogre
  2962 | D:4      | Noticed an ogre
  2967 | D:4      | Killed an ogre
  2967 | D:4      | Reached XP level 6. HP: 34/37 MP: 11/11
  3420 | D:4      | Found a glowing drain.
  3429 | Sewer    | Entered a sewer
  3773 | Sewer    | Noticed Purgy
  3795 | Sewer    | HP: 1/37 [Purgy (8)]
  3795 | Sewer    | Slain by Purgy

Levels and vault maps discovered:
D:1:      dpeg_arrival_pits, layout_basic
D:2:      layout_basic, minmay_ruptured, uniq_jessica
D:3:      layout_basic, lightli_temple_of_fire, nicolae_overflow_hidden_temple,
          first_ration
D:4:      layout_basic, cheibrodos_sewer_entry_drain, tgw_kikubaaqudgha
Sewer:    sewer_the_crocodile

Skill      XL: |  1  2  3  4  5 |
---------------+----------------+-----
Air Magic      | 1 |  1.9
Short Blades   | 1 2 |  2.3
Conjurations   | 2 |  2.4
Fire Magic     | 1 |  1.4
Poison Magic   | 1 |  1.7
Translocations | 2 |  2.2
Fighting       | |  0.5
Long Blades    | |  0.1
Dodging        | |  2.4
Stealth        | |  2.6
Spellcasting   | |  3.9
Summonings     | |  1.0

Action                   |  1- 3 |  4- 6 || total
-------------------------+-------+-------++-------
Melee: Tentacles         |     9 |    11 ||    20
       Mace              |     2 |       ||     2
       Short sword       |    42 |    66 ||   108
       Constrict         |    11 |    18 ||    29
       Long sword        |       |    20 ||    20
 Cast: Magic Dart        |    54 |    38 ||    92
       Blink             |     3 |     5 ||     8
       Mephitic Cloud    |     1 |     5 ||     6
       Conjure Flame     |       |     1 ||     1
  Use: Scroll            |     1 |     6 ||     7
 Stab: Sleeping          |     5 |     6 ||    11
       Confused          |       |     3 ||     3
  Eat: Ration            |     1 |     2 ||     3
Armor: Skin              |     2 |     6 ||     8
Dodge: Dodged            |    34 |    53 ||    87
Block: Other             |     4 |    10 ||    14
       Reflection        |     1 |     1 ||     2
       Rpst.: Long sword |       |     5 ||     5

Table legend:
 A = Non-vault XP
 B = Vault XP
 C = Vault XP percentage of total XP
 D = Non-vault monster count
 E = Vault monster count
 F = Vault count percentage of total count
                 A         B        C        D         E       F
            +---------+---------+-------+---------+---------+-------
      Total |     423 |      53 |  11.1 |      59 |      11 |  15.7
            +---------+---------+-------+---------+---------+-------
        D:1 |      50 |       3 |   5.7 |      15 |       2 |  11.8
        D:2 |     133 |      37 |  21.8 |      24 |       1 |   4.0
        D:3 |      36 |       2 |   5.3 |      15 |       1 |   6.2
        D:4 |     204 |       3 |   1.4 |       5 |       2 |  28.6
      Sewer |       0 |       8 | 100.0 |       0 |       5 | 100.0
            +---------+---------+-------+---------+---------+-------
